 Dungeon Crawl Stone Soup version 0.32-a0-12-g7fc57aa741 (console) character file.

Game seed: 13363650384089564415

317 petzl the Sneak (level 6, 0/47 HPs)
             Began as a Formicid Delver on Jan 14, 2024.
             Was an Initiate of Vehumet.
             Slain by a gnoll bouda
             ... wielding a +2 whip of pain
              (5 damage)
             ... on level 5 of the Dungeon.
             The game lasted 00:13:31 (4414 turns).

petzl the Sneak (Formicid Delver)                   Turns: 4414, Time: 00:13:33

Health: 0/47       AC:  5    Str: 16    XL:     6   Next: 73%
Magic:  22/22      EV: 12    Int: 12    God:    Vehumet [......]
Gold:   65         SH:  0    Dex: 18    Spells: 14/14 levels left

rFire   . . .        a - +0 falchion {freeze, rN+ Dex+3 SInv}
rCold   . . .        (no shield)
rNeg    + . .        e - +0 leather armour
rPois   .            (helmet unavailable)
rElec   .            x - +0 cloak
rCorr   .            m - +0 pair of gloves
SInv    +            (no boots)
Will    .....        (no amulet)
Stlth   +++          v - ring of magical power
HPRegen 0.27/turn    (no ring)
MPRegen 0.18/turn

%: no passive effects
@: weakened
A: permanent stasis, dig shafts and tunnels, antennae 3, four strong arms
a: Dig, Shaft Self, Renounce Religion


You were on level 5 of the Dungeon.
You worshipped Vehumet.
Vehumet was noncommittal.
You visited 2 branches of the dungeon, and saw 7 of its levels.

You collected 65 gold pieces.

Inventory:

Hand Weapons
 a - the +0 falchion "Beamuec" (weapon) {freeze, rN+ Dex+3 SInv}
   (You found it on level 3 of the Dungeon)

   Dex+3:     It affects your dexterity (+3).
   rN+:       It protects you from negative energy.
   SInv:      It lets you see invisible.
 b - a +0 sling
 o - a +0 mace
 q - a +3 whip
 u - a +2 heavy flail
Missiles
 h - 12 poisoned darts (quivered)
 p - 2 throwing nets
Armour
 e - a +0 leather armour (worn)
 m - a +0 pair of gloves (worn)
 x - a +0 cloak (worn)
Jewellery
 v - a ring of magical power (left hand)
Wands
 f - a wand of digging (3)
Scrolls
 c - a scroll of fog
 d - 3 scrolls of revelation
 i - 3 scrolls of identify
 j - 2 scrolls of poison
 r - 2 scrolls of vulnerability
 t - a scroll of fear
 w - a scroll of teleportation {unknown}
Potions
 g - a potion of mutation {unknown}
 k - a potion of attraction {unknown}
 l - a potion of lignification {unknown}
 n - 2 potions of curing
 s - a potion of invisibility {unknown}
 z - a potion of degeneration {unknown}
 A - a potion of magic {unknown}


   Skills:
 + Level 3.6 Fighting
 - Level 2.0 Maces & Flails
 + Level 1.3 Ranged Weapons
 + Level 1.2 Armour
 + Level 2.0 Dodging
 - Level 6.4 Stealth
 * Level 4.9 Spellcasting
 * Level 1.2 Evocations


You had 14 spell levels left.
You didn't know any spells.
Your spell library contained the following spells:

 Spells                   Type           Power      Damage    Failure   Level
 Apportation              Tloc           4%         N/A       26%         1
 Jinxbite                 Hex            4%         N/A       36%         2
 Alistair's Intoxication  Alch           1%         N/A       100%        5
 Arcjolt                  Conj/Air       1%         1d11      100%        5
 Maxwell's Capacitive Co  Air            1%         ∞         100%        8
 Vhi's Electric Charge    Tloc/Air       Unusable   N/A       N/A         4

Dungeon Overview and Level Annotations

Branches:
Dungeon (6/15)             Temple (1/1) D:4

Altars:
Ashenzari
Cheibriados
Dithmenos
Elyvilon
Fedhas
Gozag
Hepliaklqana
Kikubaaqudgha
Makhleb
Nemelex Xobeh
Okawaru
Qazlal
Ru
Sif Muna
Trog
Uskayaw
Vehumet
Wu Jian
Xom
Yredelemnul
Zin
The Shining One

Annotations:
D:4 exclusion: downstairs, Grinder


Innate Abilities, Weirdness & Mutations

You cannot be hasted, slowed, berserked, paralysed or teleported.
You can dig through walls and to a lower floor.
You have a pair of large antennae on your head. (SInv)
Your four strong arms can wield two-handed weapons with a shield.


Message History

You writhe in agony.
You hit the gnoll bouda. You freeze the gnoll bouda.
The gnoll bouda is severely wounded.
The gnoll bouda gazes fiercely through you!
You feel as though you will be weak longer.
The gnoll bouda barely misses you.
You barely miss the gnoll bouda.
The gnoll bouda is severely wounded.
The gnoll bouda mumbles some strange prayers to its god.
The gnoll bouda is healed somewhat.
You hit the gnoll bouda. You freeze the gnoll bouda.
The gnoll bouda is severely wounded.
The gnoll bouda gazes fiercely through you!
You feel as though you will be weak longer.
The gnoll bouda hits you with a +2 whip of pain.
You writhe in agony.
The gnoll bouda hits you with a +2 whip of pain!
* * * LOW HITPOINT WARNING * * *
You writhe in agony.
* * * LOW HITPOINT WARNING * * *
Okay, then.
Unknown command.
You feel better.
The gnoll bouda hits you with a +2 whip of pain.
You hit the gnoll bouda but do no damage.
The gnoll bouda is severely wounded.
The gnoll bouda hits you with a +2 whip of pain.
You hit the gnoll bouda but do no damage.
The gnoll bouda is severely wounded.
The gnoll bouda hits you with a +2 whip of pain.
You writhe in agony.
* * * LOW HITPOINT WARNING * * *
You hit the gnoll bouda but do no damage.
The gnoll bouda is severely wounded.
The gnoll bouda hits you with a +2 whip of pain!
* * * LOW HITPOINT WARNING * * *
You writhe in agony.
* * * LOW HITPOINT WARNING * * *
The gnoll bouda hits you with a +2 whip of pain.
You die...

....#. ..... .# .) .... .. .#
#.#### ....###..#. #....#
........... # #....# .........g##.#
#....# . ##............#
#....#####... .#<..B#####...###
#...#.....#
....#....†.##...######...#
###(######.# #g........##
......g....# ########.###+###
.{.######..# #>......# ...##...Bg.#
####....# ..g'..#...### #.'....#
...##..{....# #.#....#
...########.# #######.#....#
##.......##.### #.......#....#
#######'##...# ###@#...#....#
#...###.# #g#...###### ###
#.....#{# #.#...# #..
#...#[#.#####.#...# #########.#
#######g#.##....#...#####.........#
#.........##.####.......#.#########
#........#...######.....#..(.....##
#........#.#.((.........########.#.
#........#.##.#####..............#.
#........#....# ##############...
#........###### #....##.##
########## ###.##.##.# #......<#.#
####...##..#.# #...######.#.#
#.#........#.# #.#....#####.#
#)...#.# #.# ######.#####.#


You could see a gnoll bouda.

Vanquished Creatures
  A scorpion (D:4)
  A howler monkey (D:4)
  An iguana (D:4)
  2 orc wizards
  A gnoll (D:4)
  7 adders
  A dart slug (D:4)
  2 ribbon worms
  6 orcs
  3 ball pythons
  4 endoplasms
  2 giant cockroaches (D:3)
  8 goblins
  6 hobgoblins
  4 jackals (D:3)
  4 quokkas
  4 bats
  A frilled lizard (D:1)
  7 kobolds
  3 rats (D:1)
68 creatures vanquished.

Notes
Turn   | Place    | Note
-------+----------+-------------------------------------------
     0 | D:5      | petzl the Formicid Delver began the quest for the Orb.
     0 | D:5      | Reached XP level 1. HP: 18/18 MP: 1/1
   161 | D:5      | Reached XP level 2. HP: 23/24 MP: 2/2
   189 | D:5      | Reached skill level 1 in Spellcasting
   318 | D:4      | Reached XP level 3. HP: 29/29 MP: 3/5
  1507 | D:2      | Reached XP level 4. HP: 20/35 MP: 7/7
  1878 | D:3      | Identified the +0 falchion "Beamuec" {freeze, rN+ Dex+3
                  | SInv}
  2071 | D:3      | HP: 1/35 [orc/+2 heavy flail (4)]
  2072 | D:3      | You fall into a shaft and drop 2 floors!
  2237 | D:4      | Reached XP level 5. HP: 41/41 MP: 10/10
  2357 | D:4      | Found a staircase to the Ecumenical Temple.
  2367 | Temple   | Entered the Ecumenical Temple
  2388 | Temple   | Became a worshipper of Vehumet
  2560 | D:3      | You fall into a shaft and drop 3 floors!
  3687 | D:4      | Reached XP level 6. HP: 41/47 MP: 13/13
  3740 | D:4      | Found a bloodstained altar of Trog.
  3741 | D:4      | Found a burning altar of Makhleb.
  3742 | D:4      | Found a hazy altar of Hepliaklqana.
  4016 | D:4      | Reached skill level 1 in Ranged Weapons
  4016 | D:4      | Reached skill level 1 in Armour
  4016 | D:4      | Reached skill level 1 in Evocations
  4111 | D:4      | Noticed Grinder
  4414 | D:5      | Slain by a gnoll bouda

Illustrated notes

Levels and vault maps discovered:
D:1:      matt_arrival_los_fun, layout_loops_ring
D:2:      layout_loops_ring, grunt_decor_arrowhead, minivault_14
D:3:      layout_loops_cross, minmay_door_square
D:4:      layout_rooms, minitemple, minmay_temple_entry_junction_2,
          portal_sewer_entry_d, hellmonk_no_cap, uniq_grinder
D:5:      layout_basic, serial_shops, nicolae_shop_behind_doors
D:6:      layout_rooms
Temple:   nicolae_temple_bog_church

Skill      XL: |  1  2  3  4  5  6 |
---------------+-------------------+-----
Spellcasting   | 1 2 3 4 |  4.9
Ranged Weapons | 1 |  1.3
Armour         | 1 |  1.2
Dodging        | 2 |  2.0
Evocations     | 1 |  1.2
Fighting       | |  3.6
Maces & Flails | |  2.0
Stealth        | |  6.4

Action                     |  1- 3 |  4- 6 || total
---------------------------+-------+-------++-------
  Melee: Mace              |    85 |     6 ||    91
         Punch             |     1 |     1 ||     2
         Falchion          |       |   126 ||   126
   Fire: Sling             |       |    44 ||    44
  Throw: Dart              |       |     6 ||     6
Ability: Shaft Self        |       |     2 ||     2
    Use: Scroll            |     1 |     2 ||     3
         Potion            |       |     3 ||     3
   Stab: Sleeping          |     8 |     7 ||    15
 Armour: Leather armour    |    44 |   105 ||   149
  Dodge: Dodged            |    49 |   103 ||   152

Table legend: (Time is in decaauts)
 A = Elapsed time spent in this place.
 B = Non-inter-level travel time spent in this place.
 C = Inter-level travel time spent in this place.
 D = Time resting spent in this place.
 E = Time spent auto-exploring this place.
 F = Levels seen in this place.
 G = Mean time per level.
                   A        B        C        D        E       F      G
               +--------+--------+--------+--------+--------+-----+--------+
         Total |   4495 |   4226 |    269 |   1018 |   1810 |   7 |  642.1 |
       Dungeon |   4452 |   4224 |    228 |   1018 |   1810 |   6 |  742.0 |
        Temple |     42 |      1 |     41 |      0 |      0 |   1 |   42.0 |
               +--------+--------+--------+--------+--------+-----+--------+

Top non-repeatable levels by time:
     D:3: 1054 daAuts
     D:4: 964 daAuts
     D:2: 893 daAuts
     D:1: 744 daAuts
     D:5: 647 daAuts
     D:6: 147 daAuts
  Temple: 42 daAuts
